 Dungeon Crawl Stone Soup version 0.24-a0-509-ga1643a6788 (webtiles) character file.

Game seed: 1627189002079253533

8082 Kuinu the Fighter (level 11, -1/104 HPs)
             Began as a Minotaur Berserker on July 19, 2019.
             Was an Elder of Trog.
             Killed by divine providence
             ... invoked by a meliai
              (13 damage)
             ... on level 13 of the Dungeon.
             The game lasted 00:15:40 (7373 turns).

Kuinu the Fighter (Minotaur Berserker)              Turns: 7373, Time: 00:15:41

Health: -1/104     AC: 17    Str: 25    XL:     11   Next: 5%
Magic:  10/10      EV: 10    Int:  4    God:    Trog [****..]
Gold:   1380       SH:  4    Dex: 10    Spells: 10/10 levels left

rFire    . . .     SeeInvis .   H - +5 hand axe of the Bouncing Stories {freeze, Fragile rC+ rN+}
rCold    + . .     Gourm    .   (no shield)
rNeg     + + .     Faith    .   m - +0 plate armour
rPois    .         Spirit   .   (helmet restricted)
rElec    .         Reflect  +   d - +0 cloak
rCorr    .         Harm     .   (no gloves)
MR       +....                  L - +1 pair of boots (curse)
Stlth    ..........             O - +4 amulet of reflection
HPRegen  0.27/turn              D - ring of positive energy
MPRegen  0.12/turn              u - ring of protection from magic

@: no status effects
A: retaliatory headbutt, horns 2
a: Berserk, Trog's Hand, Brothers in Arms, Renounce Religion


You were on level 13 of the Dungeon.
You worshipped Trog.
Trog was greatly pleased with you.
You were not hungry.

You visited 1 branch of the dungeon, and saw 11 of its levels.
You also visited: Bailey.

You collected 1380 gold pieces.

Inventory:

Hand Weapons
 a - a +0 hand axe
 n - a +0 war axe
 H - the +5 hand axe of the Bouncing Stories (weapon) {freeze, Fragile rC+ rN+}
   (You found it on level 7 of the Dungeon)

   It has been specially enchanted to freeze those struck by it, causing extra
   injury to most foes and up to half again as much damage against particularly
   susceptible opponents.
   It can also slow down cold-blooded creatures.
   It protects you from cold.
   It protects you from negative energy.
   It will be destroyed if unequipped.
 I - a +0 battleaxe
 N - a +0 war axe of distortion
Armour
 b - a +0 animal skin
 d - a +0 cloak (worn)
 e - a +0 leather armour
 m - a +0 plate armour (worn)
 o - a scarf of spirit shield
 s - a +0 pair of boots
 L - a cursed +1 pair of boots (worn)
 M - +0 acid dragon scales
Jewellery
 p - an uncursed ring of magical power
 u - a ring of protection from magic (right hand)
 x - an uncursed ring of wizardry
 D - a ring of positive energy (left hand)
 O - a +4 amulet of reflection (around neck)
Wands
 r - a wand of digging (9)
 t - a wand of enslavement (5)
 v - a wand of clouds (11)
 B - a wand of acid (10)
 C - a wand of flame (26)
 P - a wand of polymorph (10)
Scrolls
 f - 4 scrolls of remove curse
 h - 3 scrolls of random uselessness {unknown}
 y - 2 scrolls of teleportation
 F - a scroll of blinking
Potions
 g - 2 potions of degeneration
 i - a potion of resistance
 j - a potion of flight
 k - 4 potions of curing
 l - 2 potions of lignification
 q - 2 potions of ambrosia {unknown}
 w - a potion of berserk rage {unknown}
 z - a potion of invisibility {unknown}
 A - a potion of cancellation
 E - a potion of might {unknown}
 G - a potion of haste {unknown}
 J - a potion of heal wounds {unknown}
 K - a potion of agility {unknown}
Comestibles
 c - 24 rations
 Q - 23 chunks of flesh


   Skills:
 * Level 12.1 Fighting
 * Level 12.1 Axes
 + Level 8.6 Armour
 + Level 7.9 Dodging


You had 10 spell levels left.
You didn't know any spells.
Your spell library was empty.

Dungeon Overview and Level Annotations

Branches:
Dungeon (11/15)            Temple (0/1) D:7
   Lair: D:8-11         Orc: D:9-12

Altars:
Cheibriados
Elyvilon
Fedhas
Kikubaaqudgha
Makhleb
Sif Muna
Trog
Xom

Shops:
D:8 ?


Innate Abilities, Weirdness & Mutations

You reflexively headbutt those who attack you in melee.
You have a pair of horns on your head.


Message History

The meliai stings you but does no damage.
You are too injured to fight recklessly!
Unknown command.
You are too injured to fight recklessly!
Unknown command.
The meliai mumbles some strange prayers to its god against you.
Something smites you!
The meliai calls down the wrath of its god upon you.
Something smites you!
* * * LOW HITPOINT WARNING * * *
The meliai mumbles some strange prayers to its god against you.
Something smites you!
* * * LOW HITPOINT WARNING * * *
The meliai barely misses you. You block the meliai's attack.
The meliai hits you with a +3 war axe of electrocution.
* * * LOW HITPOINT WARNING * * *
The meliai stings you but does no damage.
The meliai invokes the aid of its god against you.
Something smites you!
You die...

########### #.........#
#### #.#####.#.# #.. #.#
#.#.# #.# # #.# ###.#.###
#@# .# #.# #.......#
#y###.####
#.###.#.#.#.####.#.......
#..............#y....#
#####.#.###.##.#.....##
#.#.# #.........Z....
#.#.# ###....##......
#.#.######..## #.....
####.#........## #...#


You could see 2 meliai.

Vanquished Creatures
  2 centaur warriors
  A centaur zombie (D:13)
  Maurice (D:8)
  A troll (D:7)
  2 hornets (D:8)
  2 hippogriffs
  A shadow (D:8)
  5 yaks (D:11)
  Menkaure (D:5)
  2 soldier ants (D:8)
  An acid dragon (D:8)
  Duvessa (D:4)
  5 orc warriors
  2 sky beasts
  An ice beast (D:8)
  3 phantoms
  7 ogres
  A centaur (D:8)
  A big kobold (D:8)
  3 bullfrogs
  Dowan (D:4)
  2 scorpions
  4 killer bees
  A howler monkey (D:8)
  7 crimson imps
  A quasit (D:13)
  A bullfrog zombie (D:9)
  2 jellies
  6 orc priests
  A centaur skeleton (D:6)
  Crazy Yiuf (D:3)
  5 hounds
  5 orc wizards
  A bullfrog skeleton (D:11)
  Ijyb (D:4)
  4 iguanas
  6 worker ants
  A hound skeleton (D:8)
  2 worker ant zombies
  5 adders
  6 worms
  4 dart slugs
  8 leopard geckos
  18 orcs
  6 ball pythons
  8 bats
  2 giant cockroaches
  9 goblins
  12 hobgoblins
  4 jackals
  3 quokkas
  8 frilled lizards
  10 kobolds
  9 rats
207 creatures vanquished.

Notes
Turn   | Place    | Note
-------+----------+-------------------------------------------
     0 | D:1      | Kuinu the Minotaur Berserker began the quest for the Orb.
     0 | D:1      | Reached XP level 1. HP: 19/19 MP: 0/0
   123 | D:1      | Reached XP level 2. HP: 14/27 MP: 1/1
   317 | D:1      | Reached ** piety under Trog
   346 | D:1      | Reached XP level 3. HP: 22/33 MP: 2/2
   752 | D:2      | Reached XP level 4. HP: 35/41 MP: 3/3
  1028 | D:3      | Found a runed translucent door.
  1029 | D:3      | Noticed Crazy Yiuf
  1127 | D:3      | Reached skill level 5 in Fighting
  1127 | D:3      | Reached skill level 5 in Axes
  1127 | D:3      | Reached XP level 5. HP: 33/48 MP: 4/4
  1221 | D:3      | Reached *** piety under Trog
  1324 | D:3      | Reached XP level 6. HP: 46/56 MP: 5/5
  1541 | D:3      | Noticed an orc warrior
  1812 | D:3      | Killed an orc warrior
  2302 | D:3      | Killed Crazy Yiuf
  2436 | D:4      | Reached XP level 7. HP: 50/64 MP: 6/6
  2455 | D:4      | Found a shimmering altar of Xom.
  2658 | D:4      | Noticed Duvessa
  2659 | D:4      | Noticed Dowan
  2669 | D:4      | Killed Duvessa
  2673 | D:4      | Killed Dowan
  2840 | D:4      | Noticed Ijyb
  2851 | D:4      | Killed Ijyb
  3138 | D:4      | Reached skill level 5 in Armour
  3138 | D:4      | Reached XP level 8. HP: 51/73 MP: 7/7
  3196 | D:5      | Entered Level 5 of the Dungeon
  3316 | D:5      | Noticed Menkaure
  3325 | D:5      | Killed Menkaure
  3548 | D:5      | Found an ancient bone altar of Kikubaaqudgha.
  3549 | D:5      | Found a blossoming altar of Fedhas.
  3788 | D:5      | Found a snail-covered altar of Cheibriados.
  3788 | D:5      | Found a burning altar of Makhleb.
  3793 | D:5      | Found a bloodstained altar of Trog.
  3795 | D:5      | Found a faded altar of an unknown god.
  3797 | D:5      | Found a white marble altar of Elyvilon.
  3875 | D:5      | Reached skill level 5 in Dodging
  4334 | D:6      | Reached **** piety under Trog
  4865 | D:7      | Reached XP level 9. HP: 80/83 MP: 8/8
  4906 | D:7      | Found a flagged portal.
  4912 | D:7      | Got a twisted hand axe
  4915 | Bailey   | Entered a bailey
  4916 | Bailey   | Identified the +5 hand axe of the Bouncing Stories {freeze,
                  | Fragile rC+ rN+} (You found it on level 7 of the Dungeon)
  4968 | Bailey   | Found an iron altar of Okawaru.
  5382 | D:7      | Found a staircase to the Ecumenical Temple.
  5502 | D:7      | Noticed a troll
  5513 | D:7      | Killed a troll
  5513 | D:7      | Reached skill level 10 in Fighting
  5653 | D:8      | Reached skill level 10 in Axes
  5872 | D:8      | Reached XP level 10. HP: 63/94 MP: 9/9
  5955 | D:8      | Noticed Maurice
  5981 | D:8      | Killed Maurice
  6043 | D:8      | Paralysed by a hornet for 1 turns
  6549 | D:8      | Found Oqutsu's Magic Scroll Shoppe.
  6778 | D:8      | Found a deep blue altar of Sif Muna.
  6875 | D:8      | Noticed a centaur warrior
  6886 | D:8      | Killed a centaur warrior
  7239 | D:9      | You fall into a shaft and drop 2 floors!
  7286 | D:11     | You fall into a shaft and drop 2 floors!
  7345 | D:13     | Noticed a centaur warrior
  7355 | D:13     | Killed a centaur warrior
  7355 | D:13     | Reached XP level 11. HP: 79/104 MP: 10/10
  7373 | D:13     | Killed from afar by a meliai

Levels and vault maps discovered:
D:1:      dpeg_arrival_oval, layout_basic
D:2:      layout_rooms, patterned_corridor
D:3:      layout_loops_ring, fountainhead, uniq_crazy_yiuf_cottage
D:4:      layout_loops_corners, xom_teletrap_fun, first_ration, uniq_ijyb,
          uniq_duvessa
D:5:      layout_basic, grunt_temple_overflow_growth_and_decay,
          chequers_temple_overflow_minitemple, uniq_menkaure
D:6:      layout_gridville, hangedman_minor_gate_pass
D:7:      layout_cave_pods, minmay_temple_entry_stoned_glass, enter_bailey_2
D:8:      minmay_tri_box, layout_basic, lemuel_crystal_altar, serial_shops,
          nicolae_shop_waterfront, hangedman_pestilent_swarm,
          corexii_corridor_pit, uniq_maurice
D:9:      layout_irregular_city, lemuel_doored_altar, uniq_pikel
D:11:     layout_basic, lair_entry_dummy, lemuel_angel_altar
D:13:     layout_loops_corners, lightli_vaults_fourway_checkpoint

Skill      XL: |  1  2  3  4  5  6  7  8  9 10 |
---------------+-------------------------------+-----
Axes           | 4 5 6 7 9 10 12 | 12.1
Fighting       | 4 5 6 7 9 10 12 | 12.1
Armour         | 3 4 5 6 7 8 |  8.6
Dodging        | 3 4 5 6 7 |  7.9

Action                   |  1- 3 |  4- 6 |  7- 9 | 10-12 || total
-------------------------+-------+-------+-------+-------++-------
Melee: Hand axe          |   103 |    56 |    88 |   108 ||   355
       Headbutt          |    20 |    21 |    64 |    27 ||   132
       War axe           |       |    53 |   169 |       ||   222
Invok: Trog's Hand       |       |     3 |     4 |     1 ||     8
       Berserk           |       |     3 |     3 |     1 ||     7
  Use: Scroll            |       |     5 |     9 |       ||    14
  Eat: Chunk             |       |     6 |    15 |     7 ||    28
       Ration            |       |     1 |       |       ||     1
Armor: Leather armour    |    17 |       |       |       ||    17
       Animal skin       |     1 |       |       |       ||     1
       Plate armour      |    40 |    47 |   187 |    58 ||   332
Dodge: Dodged            |    57 |    44 |   146 |    30 ||   277
Block: Other             |       |       |       |     4 ||     4
       Reflection        |       |       |       |     1 ||     1

Table legend:
 A = Non-vault XP
 B = Vault XP
 C = Vault XP percentage of total XP
 D = Non-vault monster count
 E = Vault monster count
 F = Vault count percentage of total count
                 A         B        C        D         E       F
            +---------+---------+-------+---------+---------+-------
      Total |    7339 |    4207 |  36.4 |     175 |      32 |  15.5
            +---------+---------+-------+---------+---------+-------
        D:1 |      47 |       0 |   0.0 |      28 |       0 |   0.0
        D:2 |      75 |       0 |   0.0 |      23 |       0 |   0.0
        D:3 |     456 |      41 |   8.2 |      36 |       1 |   2.7
        D:4 |     575 |     264 |  31.5 |      16 |       3 |  15.8
        D:5 |     528 |     172 |  24.6 |      16 |       1 |   5.9
        D:6 |     194 |     322 |  62.4 |       3 |       8 |  72.7
        D:7 |    1193 |       0 |   0.0 |      20 |       0 |   0.0
        D:8 |    1211 |    2995 |  71.2 |      19 |      13 |  40.6
        D:9 |     213 |       0 |   0.0 |       3 |       0 |   0.0
       D:11 |    1287 |       0 |   0.0 |       7 |       0 |   0.0
       D:13 |    1560 |       0 |   0.0 |       4 |       0 |   0.0
     Bailey |       0 |     413 | 100.0 |       0 |       6 | 100.0
            +---------+---------+-------+---------+---------+-------
